Map: Kairos Junction LE

Players

Epic

  • Race: Terran Terran
  • League: Grandmaster
  • Spawn Location: 5:00

ExpecT - Winner!

  • Race: Terran Terran
  • Spawn Location: 11:00

Event: 2019 WCS Winter Americas

VOD

Have the link to the VOD?

Description

Time

  • Played on: Feb. 1, 2019, 1:36 p.m.
  • Length: 10:30

All games in this series

Show
View Real Time Build Order
Export as new Build Order

Epic Terran 

Build Orders:  

Get SALT Encoding   

  12  0:00  SCV  
  13  0:12  SCV  
  14  0:17  Supply Depot  
  14  0:24  SCV  
  15  0:31  Refinery  
  15  0:38  SCV  
  16  0:44  Barracks  
  16  0:50  SCV  
  16  0:54  Refinery  
  17  1:02  SCV  
  18  1:14  SCV  
  19  1:31  Reaper, Orbital Command  
  20  1:38  Factory  
  20  1:46  Supply Depot  
  20  1:56  SCV  
  21  2:04  Reaper  
  22  2:08  SCV  
  23  2:21  SCV  
  23  2:22  Hellion  
  26  2:33  Command Center  
  26  2:35  SCV  
  27  2:39  Reaper  
  28  2:44  Hellion  
  28  2:50  Supply Depot  
  30  2:54  SCV  
  31  3:07  Factory Tech Lab  
  31  3:10  Starport  
  31  3:11  SCV  
  32  3:16  Barracks Reactor  
  32  3:23  SCV  
  32  3:25  Cyclone  
  36  3:35  SCV  
  37  3:44  Orbital Command  
  37  3:47  Starport Tech Lab, Refinery  
  37  3:48  SCV  
  38  3:52  Marine x2  
  40  3:56  Supply Depot  
  40  3:59  Siege Tank  
  43  4:03  SCV  
  43  4:09  Raven  
  46  4:13  SCV  
  46  4:15  SCV  
  46  4:16  Marine x2  
  50  4:25  SCV  
  50  4:27  SCV  
  52  4:34  Siege Tank  
  52  4:38  Supply Depot  
  55  4:40  SCV x2  
  57  4:52  SCV x2  
  57  5:04  SCV  
  57  5:05  Viking x2  
  57  5:06  Siege Tank  
  63  5:12  Supply Depot  
  63  5:13  SCV  
  64  5:14  Stimpack  
  64  5:16  SCV  
  65  5:22  Command Center  
  65  5:28  SCV x2  
  66  5:35  Viking x2  
  69  5:38  Supply Depot  
  69  5:41  Siege Tank  
  69  5:42  SCV x2  
  76  5:51  Supply Depot  
  76  5:54  SCV x2  
  78  6:00  Engineering Bay, Supply Depot  
  78  6:01  Engineering Bay  
  78  6:05  Viking  
  78  6:08  Viking  
  78  6:11  SCV x2  
  84  6:15  Siege Tank  
  87  6:23  SCV x2  
  87  6:25  Supply Depot  
  89  6:27  Refinery, Marine  
  88  6:34  Barracks  
  88  6:36  Barracks  
  88  6:37  Orbital Command  
  88  6:43  SCV  
  88  6:44  Terran Infantry Weapons Level 1, Terran Infantry Armor Level 1  
  89  6:48  Viking  
  91  6:56  Viking  
  91  6:59  SCV x2  
  95  7:04  Supply Depot  
  95  7:07  Orbital Command, Marine  
  96  7:13  Siege Tank  
  99  7:17  SCV x2, Barracks  
  99  7:19  Barracks  
  101  7:24  Barracks Reactor x2  
  101  7:29  SCV x2  
  103  7:32  Marine  
  103  7:35  Viking  
  108  7:44  SCV x2  
  110  7:46  Siege Tank, Supply Depot  
  111  7:53  Marine  
  112  7:59  SCV x2  
  112  8:02  Marine x4  
  118  8:07  Armory  
  118  8:09  Supply Depot, Barracks Reactor x2  
  118  8:10  Marine  
  118  8:11  SCV x2  
  121  8:22  Marine x4  
  121  8:23  Viking x2  
  128  8:27  Siege Tank  
  128  8:28  Marine  
  131  8:38  SCV x2, Orbital Command  
  131  8:41  Marine x4  
  131  8:46  Marine  
  136  8:54  Marine x4  
  140  8:59  Marine x2  
  140  9:10  SCV x2  
  140  9:11  SCV  
  142  9:19  Marine  
  142  9:20  Marine x6  
  149  9:24  Marine x2  
  149  9:30  Medivac x2  
  155  9:34  Supply Depot  
  155  9:36  Siege Tank  
  155  9:37  Marine x3  
  161  9:42  Sensor Tower  
  161  9:45  Missile Turret  
  161  9:46  Marine  
  161  9:47  Marine x5  
  167  9:54  Supply Depot  
  167  9:55  Marine  
Show
View Real Time Build Order
Export as new Build Order

ExpecT Terran - Winner!

Build Orders:  

Get SALT Encoding   

  12  0:01  SCV  
  13  0:13  SCV  
  14  0:17  Supply Depot  
  14  0:25  SCV  
  15  0:30  Refinery  
  15  0:39  SCV  
  16  0:45  Barracks  
  16  0:51  SCV  
  16  0:57  Refinery  
  17  1:03  SCV  
  18  1:15  SCV  
  19  1:31  Orbital Command  
  19  1:33  Reaper  
  19  1:36  Factory  
  20  1:46  Supply Depot  
  20  2:00  SCV  
  21  2:05  Reaper  
  22  2:14  SCV  
  22  2:23  Hellion  
  24  2:30  SCV  
  24  2:33  Starport  
  25  2:40  Supply Depot  
  26  2:44  SCV  
  26  2:48  Factory Tech Lab  
  26  2:50  Barracks Reactor  
  26  2:56  SCV  
  27  3:05  Command Center  
  27  3:13  Cyclone  
  27  3:16  Starport Tech Lab  
  27  3:19  SCV  
  31  3:26  Marine x2  
  33  3:32  SCV  
  34  3:35  Supply Depot  
  34  3:38  Raven  
  36  3:44  Marine x2  
  38  3:49  SCV  
  39  4:02  SCV, Siege Tank, Marine x2  
  45  4:14  SCV  
  46  4:17  Orbital Command  
  46  4:22  Marine x2  
  48  4:26  SCV  
  49  4:36  Barracks  
  49  4:37  Raven  
  49  4:38  SCV  
  51  4:40  Marine x2  
  53  4:47  SCV  
  53  4:50  SCV, Supply Depot  
  55  4:59  SCV  
  56  5:01  Siege Tank  
  56  5:02  Marine x2  
  56  5:03  SCV  
  62  5:10  Refinery  
  62  5:12  SCV  
  62  5:13  Refinery  
  63  5:18  SCV  
  63  5:20  Supply Depot, Marine x2  
  66  5:24  SCV, Engineering Bay  
  67  5:31  Stimpack  
  67  5:32  Marine  
  67  5:34  SCV, Starport Reactor  
  69  5:36  SCV  
  69  5:40  Barracks  
  69  5:42  Supply Depot  
  70  5:44  Marine x2  
  70  5:47  SCV  
  70  5:48  SCV  
  74  5:52  Terran Infantry Weapons Level 1  
  74  5:53  Marine  
  75  5:59  SCV  
  75  6:00  SCV  
  75  6:02  Marine  
  75  6:03  Marine  
  79  6:04  Siege Tank  
  79  6:10  Supply Depot  
  82  6:12  Supply Depot  
  82  6:13  SCV x2  
  84  6:19  Medivac  
  84  6:24  Marine  
  86  6:31  Medivac, Marine x2  
  86  6:32  SCV x2  
  92  6:35  Supply Depot  
  92  6:37  Barracks Reactor  
  92  6:39  Siege Tank  
  95  6:44  SCV x2  
  94  7:03  Command Center, Marine x2  
  94  7:04  Marine  
  94  7:05  Barracks  
  94  7:07  Barracks  
  97  7:12  Siege Tank  
  97  7:15  Supply Depot  
  100  7:16  Supply Depot  
  100  7:17  Marine x2  
  100  7:21  Marine x2  
  104  7:23  SCV x2  
  105  7:38  Marine x3  
  105  7:39  SCV x2, Marine x2  
  112  7:44  Siege Tank  
  112  7:50  Terran Infantry Armor Level 1  
  115  7:51  SCV  
  115  7:52  SCV  
  115  7:54  Supply Depot  
  115  7:55  Marine  
  118  8:03  Barracks Reactor x2, Marine x2  
  118  8:04  Marine  
  118  8:05  Marine  
  122  8:06  SCV x2  
  124  8:13  Marine  
  124  8:18  SCV x2  
  127  8:20  Marine  
  127  8:21  Combat Shield, Marine  
  127  8:22  Marine x2  
  130  8:30  SCV, Orbital Command  
  130  8:31  Marine  
  132  8:38  Marine x2  
  132  8:39  Marine x2  
  132  8:40  Marine x2  
  138  8:43  SCV  
  138  8:44  SCV  
  140  8:49  Marine  
  140  8:53  Medivac x2, Supply Depot  
  140  8:54  Supply Depot  
  145  8:56  Armory  
  145  8:58  Engineering Bay  
  145  9:01  Sensor Tower  
  145  9:15  Marine  
  145  9:16  Marine x4  
  143  9:20  Siege Tank  
  143  9:21  Marine x2  
  143  9:22  Marine x2  
  143  9:23  Medivac x2  
  154  9:32  Marine  
  154  9:34  Marine x4  
  154  9:37  Factory  
  159  9:38  Supply Depot  
  159  9:39  Marine x2  
  159  9:41  Marine x2  
  163  9:50  Marine  
  164  9:54  SCV, Refinery  
  165  10:00  SCV x2, Marine x2  
  162  10:08  Marine x3  
  162  10:09  Marine  
Tags
 
Add a new tag
Caveats
  • Supply blocks, unpowered buildings, or Contaminate may cause inaccurate times.
  • Supply counts are checked every 10 seconds.